Map: Thunderbird LE

Players

Creed - Winner!

  • Race: Terran Terran
  • Spawn Location: 5:00

Bleak

  • Race: Terran Terran
  • Spawn Location: 11:00

Event: 2019 WCS Summer

VOD

Have the link to the VOD?

Description

Time

  • Played on: July 12, 2019, 9:29 a.m.
  • Length: 17:22

All games in this series

Show
View Real Time Build Order
Export as new Build Order

Creed Terran - Winner!

Build Orders: Cyclone Opening, Gas First Reaper Expand 

Get SALT Encoding   

  12  0:00  SCV  
  13  0:12  SCV  
  14  0:17  Supply Depot  
  14  0:24  SCV  
  15  0:29  Refinery  
  15  0:39  SCV  
  16  0:44  Barracks  
  16  0:51  SCV  
  17  1:03  SCV  
  18  1:15  SCV  
  19  1:30  Orbital Command  
  19  1:31  Reaper  
  20  1:45  Command Center  
  20  1:55  Factory  
  20  1:59  SCV  
  21  2:07  Barracks Reactor  
  21  2:12  Refinery, SCV  
  22  2:19  Supply Depot  
  22  2:24  SCV  
  23  2:39  Factory Tech Lab  
  23  2:41  SCV  
  23  2:44  Marine x2  
  26  2:53  SCV  
  26  2:57  Orbital Command, Cyclone  
  30  3:05  Marine x2, SCV  
  32  3:14  Starport  
  32  3:17  SCV  
  33  3:23  Marine x2  
  33  3:29  SCV  
  33  3:32  Cyclone  
  35  3:34  SCV  
  35  3:41  Marine x2, SCV  
  36  3:47  SCV  
  40  3:50  Supply Depot  
  40  3:52  Viking  
  42  3:59  Marine x2  
  44  4:03  SCV x2  
  44  4:15  Siege Tank  
  45  4:19  SCV  
  46  4:29  Command Center  
  46  4:30  SCV  
  46  4:31  Marine x2, SCV  
  48  4:36  Supply Depot  
  50  4:40  Viking  
  50  4:43  SCV  
  53  4:52  Marine  
  54  4:58  Marine  
  52  5:02  SCV x2  
  54  5:10  Marine  
  54  5:13  Siege Tank  
  58  5:14  SCV  
  58  5:15  Engineering Bay  
  58  5:16  Marine, Engineering Bay  
  58  5:26  SCV x2  
  60  5:28  Refinery  
  60  5:29  Starport Tech Lab  
  60  5:32  Barracks x2  
  58  5:37  Marine x2  
  58  5:38  SCV x2  
  58  5:42  Terran Infantry Weapons Level 1, Terran Infantry Armor Level 1  
  62  5:45  Orbital Command  
  62  5:49  Siege Tank  
  65  5:53  SCV x2  
  67  5:59  Marine  
  67  6:00  Marine  
  67  6:01  Refinery  
  67  6:02  Starport Reactor  
  69  6:05  SCV  
  69  6:06  SCV  
  71  6:13  Orbital Command  
  71  6:15  Supply Depot  
  71  6:16  Supply Depot  
  71  6:17  SCV  
  73  6:19  SCV  
  73  6:20  Barracks Tech Lab  
  73  6:25  Marine x2  
  73  6:28  Stimpack  
  73  6:29  Marine  
  73  6:30  SCV  
  77  6:37  Siege Tank, SCV  
  77  6:39  Supply Depot  
  81  6:40  Supply Depot  
  81  6:41  Combat Shield, Marine  
  81  6:43  SCV  
  81  6:44  SCV  
  84  6:47  Marine x2  
  84  6:49  SCV  
  87  6:56  SCV x2  
  87  6:57  Marine  
  87  6:59  Marine  
  90  7:04  Medivac x2  
  90  7:08  Barracks  
  94  7:09  Barracks, SCV x3, Supply Depot  
  94  7:10  Supply Depot  
  89  7:24  Marine x3  
  89  7:25  SCV x3  
  89  7:28  Siege Tank, Marine  
  97  7:37  Armory, SCV x2  
  97  7:38  SCV  
  97  7:40  Medivac  
  97  7:41  Marine  
  97  7:42  Marine  
  97  7:43  Medivac  
  108  7:51  Marauder  
  108  7:52  Marauder  
  108  7:54  SCV x2  
  112  7:59  Refinery  
  112  8:00  Concussive Shells  
  112  8:01  Supply Depot x2  
  112  8:03  Barracks Tech Lab x2  
  112  8:08  Marine x2  
  112  8:09  SCV x2  
  112  8:10  Refinery  
  118  8:13  Marauder  
  118  8:14  Marauder  
  120  8:26  SCV x3  
  113  8:27  Marauder x2, Marine x2  
  113  8:28  Terran Infantry Weapons Level 2  
  119  8:35  Terran Infantry Armor Level 2  
  119  8:37  Missile Turret  
  119  8:38  SCV  
  119  8:40  Missile Turret  
  120  8:44  Marauder  
  120  8:46  SCV x2  
  120  8:47  Starport  
  124  8:51  Marauder x2  
  121  9:05  Marine x2, Marauder x2  
  121  9:06  Medivac x2  
  131  9:12  Marauder  
  133  9:18  Command Center  
  133  9:21  Marauder, Missile Turret  
  133  9:23  Marine x2  
  137  9:26  Marauder  
  137  9:27  Starport Reactor, Terran Ship Weapons Level 1  
  137  9:30  Starport  
  139  9:34  Supply Depot  
  139  9:35  Supply Depot  
  139  9:36  Marauder  
  141  9:46  Missile Turret  
  141  9:47  Command Center  
  141  9:52  Supply Depot  
  141  9:55  Viking x2  
  141  9:58  Supply Depot  
  145  10:05  Viking  
  145  10:06  Viking  
  149  10:09  Starport  
  149  10:10  SCV x3  
  149  10:11  Armory  
  152  10:15  Starport Tech Lab  
  152  10:18  Refinery  
  152  10:20  Fusion Core  
  152  10:23  Refinery, SCV  
  148  10:45  Marauder x2  
  134  10:55  Marine x2, Marauder x2  
  122  11:02  Starport Tech Lab  
  122  11:03  Starport Reactor  
  117  11:06  Marauder, Orbital Command, Marine  
  117  11:08  Barracks x2  
  117  11:13  Marine  
  117  11:14  Marine  
  117  11:16  Viking x3  
  117  11:17  Raven, Marauder x2  
  129  11:24  Marauder  
  131  11:27  Marauder  
  131  11:31  Marine  
  131  11:32  Marine  
  135  11:38  Marauder, Liberator  
  137  11:41  Command Center  
  137  11:42  Command Center  
  137  11:44  Marauder  
  137  11:47  Terran Infantry Weapons Level 3, Terran Infantry Armor Level 3  
  135  11:52  Sensor Tower  
  126  11:54  Viking  
  126  11:55  Viking x3  
  126  11:59  Advanced Ballistics  
  137  12:03  Marine x2  
  137  12:04  Marauder x3, Marine x2  
  137  12:05  Marine  
  148  12:11  Planetary Fortress  
  148  12:19  Terran Ship Weapons Level 2  
  148  12:22  Marine x2  
  150  12:23  Marauder  
  150  12:25  Viking  
  150  12:27  Viking  
  150  12:28  Liberator  
  156  12:34  Refinery x2  
  156  12:37  Viking  
  156  12:38  Viking  
  156  12:42  Command Center  
  160  12:46  Viking  
  165  12:55  Missile Turret  
  165  13:01  Missile Turret  
  165  13:02  Missile Turret  
  164  13:07  Orbital Command x2  
  164  13:08  Liberator x4  
  164  13:11  Liberator  
  164  13:12  Terran Vehicle And Ship Armor Level 1  
  164  13:18  Missile Turret  
  172  13:30  Liberator  
  172  13:31  Viking  
  172  13:33  Missile Turret  
  179  13:49  Barracks Tech Lab x2  
  179  13:54  Starport  
  179  13:56  Refinery  
  179  13:58  Refinery  
  179  14:00  Viking  
  181  14:08  Viking  
  183  14:33  Marauder x3  
  183  14:38  Starport  
  189  14:39  Starport  
  189  14:42  Medivac x3  
  188  15:14  Planetary Fortress  
  184  15:40  Marauder x2  
  160  15:46  Marauder, Marine  
  146  15:54  Marauder, Marine x2  
  146  15:55  Marauder, SCV x2  
  145  15:57  Viking x2  
  145  15:58  Starport Tech Lab  
  145  16:00  Marine  
  145  16:01  Marauder  
  145  16:03  Marine  
  145  16:07  Marine  
  131  16:12  Marauder  
  131  16:16  Marauder  
  126  16:20  Marauder x2  
  126  16:23  Marauder  
  126  16:24  Viking x3  
  126  16:25  Marauder, SCV x5  
  142  16:26  Marine x2, SCV  
  130  16:34  Marauder  
  130  16:37  SCV  
  130  16:40  Marine  
  130  16:41  Marine x2  
  130  16:45  Marauder  
  137  16:47  Marauder  
  137  16:51  Medivac  
  137  16:52  Command Center  
  139  16:54  Marine  
  139  16:55  Marauder  
  139  16:58  Marauder  
  147  17:07  Missile Turret x2  
Show
View Real Time Build Order
Export as new Build Order

Bleak Terran 

Build Orders: Mech 

Get SALT Encoding   

  12  0:00  SCV  
  13  0:12  SCV  
  14  0:17  Supply Depot  
  14  0:25  SCV  
  14  0:27  Refinery  
  15  0:39  SCV  
  16  0:44  Barracks  
  16  0:51  SCV  
  16  0:56  Refinery  
  17  1:03  SCV  
  18  1:15  SCV  
  19  1:32  Reaper  
  21  1:34  Orbital Command  
  21  1:35  Factory  
  20  1:46  Supply Depot  
  20  2:00  SCV  
  21  2:04  Reaper  
  22  2:12  SCV  
  23  2:19  Hellion  
  25  2:24  SCV  
  25  2:29  Command Center  
  26  2:37  Reaper  
  26  2:39  SCV  
  26  2:40  Hellion  
  26  2:42  Supply Depot  
  30  2:51  Starport  
  30  2:55  SCV  
  31  3:06  Factory Tech Lab  
  31  3:12  Barracks Reactor  
  31  3:16  SCV  
  31  3:28  SCV  
  32  3:35  Cyclone  
  32  3:39  Starport Tech Lab  
  32  3:40  SCV  
  33  3:47  Marine  
  33  3:48  Marine  
  35  3:53  SCV  
  33  4:00  Raven  
  35  4:05  Marine x2, SCV  
  39  4:17  SCV  
  39  4:18  Cyclone  
  39  4:31  Marine x2, SCV  
  39  4:33  Orbital Command  
  42  4:41  Command Center  
  42  4:46  Raven  
  42  4:50  SCV  
  42  4:59  Marine, SCV  
  43  5:00  Marine  
  43  5:02  SCV  
  43  5:04  Refinery  
  45  5:11  SCV  
  43  5:14  SCV  
  43  5:23  SCV  
  43  5:26  SCV  
  42  5:32  Siege Tank  
  42  5:35  SCV  
  46  5:38  SCV  
  47  5:46  Command Center  
  47  5:47  Viking, SCV  
  47  5:49  Viking  
  52  5:54  SCV  
  53  5:59  SCV, Supply Depot  
  54  6:05  Siege Tank  
  54  6:11  Orbital Command  
  57  6:12  SCV  
  57  6:14  SCV  
  59  6:22  Viking  
  59  6:24  Viking  
  63  6:25  SCV  
  63  6:26  SCV  
  65  6:34  Refinery  
  65  6:37  SCV  
  65  6:38  SCV x2  
  67  6:45  Siege Tank  
  70  6:52  Orbital Command  
  70  6:54  Supply Depot  
  70  6:56  SCV x2, Supply Depot  
  72  7:02  Orbital Command, Factory  
  72  7:04  Factory  
  72  7:08  SCV x2  
  74  7:18  Liberator  
  74  7:20  SCV x2  
  74  7:26  Siege Tank  
  77  7:32  SCV x2  
  77  7:36  SCV  
  84  7:37  SCV  
  84  7:39  Refinery  
  84  7:42  Refinery  
  84  7:44  SCV  
  84  7:45  SCV  
  84  7:47  Siege Tank  
  84  7:48  Factory Reactor  
  84  7:49  SCV x2  
  91  7:54  Engineering Bay  
  91  7:56  SCV  
  91  7:57  Engineering Bay, SCV  
  93  8:01  SCV x2  
  93  8:05  Viking  
  97  8:08  SCV  
  97  8:09  SCV  
  99  8:13  Siege Tank, SCV x2  
  99  8:18  Viking  
  106  8:21  SCV x2  
  106  8:25  SCV x2  
  108  8:27  Siege Tank  
  108  8:28  Hellion  
  108  8:33  SCV x2  
  114  8:35  Missile Turret x2  
  114  8:37  Missile Turret, SCV  
  114  8:39  SCV, Missile Turret  
  114  8:40  Armory  
  116  8:41  Missile Turret  
  116  8:51  Sensor Tower  
  116  9:07  Supply Depot x2  
  116  9:09  Supply Depot  
  116  9:11  Supply Depot  
  116  9:12  Armory  
  116  9:16  Command Center  
  113  9:17  Siege Tank  
  116  9:27  Starport  
  116  9:28  Starport  
  116  9:29  Viking x2, SCV x3, Hellion x2  
  128  9:31  Siege Tank  
  130  9:39  Command Center, Missile Turret  
  130  9:40  Missile Turret x2  
  130  9:41  Terran Vehicle And Ship Armor Level 1, SCV  
  131  9:50  Siege Tank  
  131  9:51  Hellion x2  
  138  10:02  Viking x2  
  138  10:03  Siege Tank  
  138  10:04  Terran Ship Weapons Level 1  
  145  10:09  SCV x3  
  145  10:12  Hellion  
  150  10:21  SCV x2  
  152  10:28  Siege Tank, Hellion  
  152  10:33  Hellion  
  151  10:35  Siege Tank  
  151  10:39  Viking x2, Starport Reactor  
  151  10:40  Starport Tech Lab  
  142  10:50  Hellion  
  142  10:55  Hellion  
  122  11:00  Siege Tank  
  122  11:02  Viking  
  111  11:07  Siege Tank  
  111  11:09  Viking  
  114  11:11  Hellion  
  114  11:16  Hellion  
  114  11:18  Viking x2  
  120  11:20  Orbital Command  
  120  11:23  SCV x3  
  123  11:32  Siege Tank  
  123  11:37  Hellion  
  128  11:40  Siege Tank, SCV x3  
  128  11:41  Refinery, SCV  
  128  11:42  Refinery  
  130  11:47  Missile Turret  
  130  11:48  Viking  
  130  11:49  Missile Turret  
  130  11:50  Missile Turret  
  130  11:52  SCV x2  
  134  11:54  SCV  
  134  11:58  Planetary Fortress  
  136  12:03  SCV  
  136  12:04  Siege Tank, SCV x2  
  141  12:12  Siege Tank, Viking x2  
  141  12:13  Hellion  
  141  12:14  SCV, Hellion  
  141  12:15  SCV  
  154  12:16  SCV  
  154  12:19  Refinery  
  154  12:21  Missile Turret  
  154  12:22  Missile Turret x2  
  155  12:23  Viking, Missile Turret  
  155  12:26  Missile Turret  
  157  12:31  Viking x2  
  161  12:40  Sensor Tower  
  161  12:41  Missile Turret  
  161  12:42  Viking  
  161  12:43  Missile Turret  
  161  12:44  Terran Ship Weapons Level 2  
  163  12:52  Terran Vehicle And Ship Armor Level 2, Command Center  
  163  12:53  Viking  
  163  12:55  Viking  
  167  13:03  Drilling Claws  
  167  13:04  Widow Mine x2  
  171  13:07  Viking x2  
  173  13:20  Liberator  
  165  13:30  Viking x3  
  165  13:32  Refinery x2  
  170  13:39  Viking  
  170  13:41  Widow Mine  
  175  13:42  Widow Mine  
  175  13:43  Liberator  
  177  13:51  Missile Turret  
  177  13:55  Missile Turret  
  177  13:57  Widow Mine x2  
  177  13:59  Missile Turret  
  177  14:00  Viking x2  
  177  14:02  Widow Mine  
  192  14:10  Fusion Core  
  192  14:14  Missile Turret  
  192  14:15  Command Center  
  192  14:16  Command Center  
  192  14:18  Thor, Liberator  
  199  15:04  Planetary Fortress  
  199  15:20  Command Center  
  199  15:22  Liberator x5  
  199  15:26  Command Center  
  199  15:27  Command Center  
  193  15:48  Missile Turret x2  
  173  15:50  Missile Turret  
  173  15:52  Thor x2  
  173  15:53  Widow Mine x2  
  162  16:05  Liberator x2  
  144  16:15  Widow Mine x2  
  141  16:22  Viking x2  
  141  16:34  Refinery  
  141  16:35  Thor x2  
  141  16:36  Widow Mine x2  
  150  16:40  Planetary Fortress  
  150  16:52  SCV x4  
  154  16:56  SCV  
  154  16:57  Widow Mine x2  
  123  17:15  Missile Turret  
Tags
 
Add a new tag
Caveats
  • Supply blocks, unpowered buildings, or Contaminate may cause inaccurate times.
  • Supply counts are checked every 10 seconds.